Cogmind - Beta 12 @@@ ROGUE MODE // 2023.12.20 @ 13:13:39 Player: neongurkan Result: Destroyed by Gamma Bomb Trap Performance ------------- Evolutions (2) 1000 Regions Visited (6) 1200 Robots Destroyed (48) 240 Value Destroyed (1035) 1035 Prototype IDs (0) 0 Alien Tech Used (0) 0 Bonus (282) 282 TOTAL SCORE: 3757 Bonus ------- High Alert Combat Kills 82 Entered Garrisons 200 Cogmind --------- Core Integrity 0/550 Matter 300/300 Energy 99/100 System Corruption 1% Temperature Cool (0) Movement Core (300) Ox5 Location -8/Garrison Parts ------- > --- POWER (1) -------- (None) > --- PROPULSION (2) --- (None) > --- UTILITY (5) ------ Heat Sink Medium Storage Unit Improved Terrain Scan Processor > --- WEAPON (3) ------- EM Pulse Gun Particle Gun > --- INVENTORY (10) --- Aluminum Leg VTOL Module Small Storage Unit Trap Extractor (0/4) Medium Laser Shotgun Peak State ------------ > --- POWER ------------ Ion Engine > --- PROPULSION ------- Airjet Airjet > --- UTILITY ---------- Improved Heat Sink Small Storage Unit Hardened Medium Armor Plating > --- WEAPON ----------- Medium Laser Light Assault Rifle Shock Bomb Launcher > --- INVENTORY -------- Ion Engine Aluminum Leg Aluminum Leg Compact Wheel Compact Wheel EM Pulse Gun Particle Gun Shock Bomb Launcher [Rating: 20] Favorites ----------- Power Ion Engine Engine Ion Engine Propulsion Airjet Leg Aluminum Leg Hover Unit Airjet Utility Hardened Medium Armor Plating Device Improved Heat Sink Storage Medium Storage Unit Processor Improved Terrain Scan Processor Protection Hardened Medium Armor Plating Weapon Medium Laser Energy Gun Medium Laser Ballistic Gun Light Assault Rifle Launcher Shock Bomb Launcher Build | -11 -10 -10 -9 -8 -8 -8 ------- Run | Jun Mat Min Mat Mat Sto Gar Slots Evolved 4 | . . . 2 2 . . Power . | . . . . . . . Propulsion . | . . . . . . . Utility 3 | . . . 1 2 . . Weapon 1 | . . . 1 . . . Parts Attached 25 | 6 1 . 10 5 3 . Power 2 | 1 . . . 1 . . Engine 2 | 1 . . . 1 . . Core . | . . . . . . . Reactor . | . . . . . . . Propulsion 7 | 2 1 . 3 1 . . Treads . | . . . . . . . Leg 3 | 2 1 . . . . . Wheel . | . . . . . . . Hover 4 | . . . 3 1 . . Flight . | . . . . . . . Utility 8 | 1 . . 4 2 1 . Device 3 | . . . 2 . 1 . Storage 2 | 1 . . 1 . . . Processor 1 | . . . . 1 . . Hackware . | . . . . . . . Protection 2 | . . . 1 1 . . Artifact . | . . . . . . . Weapon 8 | 2 . . 3 1 2 . Energy Gun 3 | 1 . . . . 2 . Energy Cannon . | . . . . . . . Ballistic Gun 3 | 1 . . 1 1 . . Ballistic Cannon . | . . . . . . . Launcher 2 | . . . 2 . . . Special Weapon . | . . . . . . . Impact Weapon . | . . . . . . . Slashing Weapon . | . . . . . . . Piercing Weapon . | . . . . . . . Special Melee Weapon . | . . . . . . . Unidentified Prototypes . | . . . . . . . Parts Lost 14 | . . . 3 11 . . Power 2 | . . . . 2 . . Propulsion 4 | . . . 1 3 . . Utility 4 | . . . 1 3 . . Weapon 4 | . . . 1 3 . . Highest Loss Streak 7 | . . . 2 7 . . To Critical Strikes . | . . . . . . . Average Slot Usage (%) 81 | . 85 85 95 59 38 45 Engine 8 | . 14 14 11 1 . . Leg 4 | . 28 28 . . . . Hover 13 | . . . 20 12 . . Device 6 | . . . 7 7 6 9 Storage 10 | . 14 14 11 9 9 9 Processor 1 | . . . . 4 9 9 Protection 6 | . . . 10 5 . . Energy Gun 11 | . 14 14 11 4 13 18 Ballistic Gun 10 | . 14 14 11 9 . . Launcher 6 | . . . 10 5 . . Naked Turns . | . . . . . . . Heaviest Build 33 | 14 14 14 33 33 16 16 Greatest Support 20 | 20 20 20 20 16 3 3 Greatest Overweight (x) 5 | . . . 3 3 5 5 Average Overweight (x) 1 | . . . 1 1 4 5 Largest Inventory Capacity 10 | 8 8 8 10 10 10 10 Average Capacity 9 | 6 8 8 9 10 10 10 Most Carried 10 | 4 8 8 10 10 8 6 Average Carried 7 | 2 4 8 8 8 5 5 Final Capacity 10 | 8 8 8 10 10 10 10 Final Carried 10 | 4 8 8 10 8 5 6 Class Distribution -------------------- 55% | Tank 41% | Mutant Dominant Class ---------------- Mutant | -10/Materials Mutant | -10/Mines Tank | -9/Materials Mutant | -8/Materials Mutant | -8/Storage Mutant | -8/Garrison Resources | -11 -10 -10 -9 -8 -8 -8 ----------- Run | Jun Mat Min Mat Mat Sto Gar Matter Collected 684 | 235 71 15 250 83 . 30 Remotely . | . . . . . . . Salvage Created 1845 | . 127 194 1170 294 . 60 Parts 113 | . 7 4 86 15 . 1 Haulers Intercepted . | . . . . . . . Recyclers Shooed 1 | . . . . 1 . . Parts Field Recycled . | . . . . . . . Retrieved Matter . | . . . . . . . Parts Self-Destructed . | . . . . . . . Prevented . | . . . . . . . Kills | -11 -10 -10 -9 -8 -8 -8 ------- Run | Jun Mat Min Mat Mat Sto Gar Combat Hostiles Destroyed 33 | . 5 . 25 3 . . Guns 16 | . 5 . 8 3 . . AOE 17 | . . . 17 . . . Classes Destroyed 8 | . 2 . 6 . . . Worker 3 | . . . 3 . . . Builder 6 | . . . 5 1 . . Tunneler 2 | . . . 1 1 . . Recycler 2 | . . . 1 1 . . Watcher 2 | . . . 2 . . . Swarmer 14 | . 3 . 11 . . . Grunt 13 | . 2 . 9 2 . . Sentry 6 | . . . 5 1 . . Best Kill Streak 11 | . 5 . 11 2 . . Combat Bots Only 7 | . 5 . 7 2 . . Max Kills in Single Turn 4 | . 1 . 4 2 . . Gunslinging . | . . . . . . . Exploded 3 | . . . 3 . . . Melee . | . . . . . . . Uniques/NPCs Destroyed . | . . . . . . . Combat | -11 -10 -10 -9 -8 -8 -8 -------- Run | Jun Mat Min Mat Mat Sto Gar Damage Taken 2069 | . 140 . 589 1263 . 77 Core 673 | . 24 . 72 531 . 46 Absorbed by Shields . | . . . . . . . Core Remaining (%) 90 | 100 . 90 82 . . . Volleys Fired 104 | . 12 5 36 36 4 11 Largest 3 | . 2 2 3 3 2 2 Hottest 106 | . 70 70 106 106 105 105 Shots Fired 214 | . 24 10 90 60 8 22 Gun 187 | . 24 10 66 57 8 22 Cannon . | . . . . . . . Launcher 27 | . . . 24 3 . . Special . | . . . . . . . Kinetic 104 | . 12 5 36 51 . . Thermal 68 | . 12 5 30 6 4 11 Explosive . | . . . . . . . Electromagnetic 42 | . . . 24 3 4 11 Robot Hit Streak 12 | . 5 10 12 7 . 10 Robot Miss Streak 6 | . 6 . 6 4 . 2 Penetration Max . | . . . . . . . Secondary Targets 3 | . 1 . 1 1 . . Max Gunslinging Chain 1 | . 1 . 1 1 . . Shots Hit Robots 119 | . 11 7 44 39 . 18 Core Hits 86 | . 8 3 53 17 . 5 Critical Kills . | . . . . . . . Critical Parts Destroyed . | . . . . . . . Critical Strikes 6 | . 2 . 4 . . . Burn 6 | . 2 . 4 . . . Melee Attacks . | . . . . . . . Impact . | . . . . . . . Slashing . | . . . . . . . Piercing . | . . . . . . . Sneak Attacks . | . . . . . . . Combat Hostiles . | . . . . . . . Follow-up Attacks . | . . . . . . . Damage Inflicted 2480 | . 139 86 1494 484 . 277 Guns 1228 | . 139 86 413 342 . 248 Cannons . | . . . . . . . Explosions 1228 | . . . 1069 130 . 29 Melee . | . . . . . . . Ramming 24 | . . . 12 12 . . Kinetic 540 | . 64 23 149 304 . . Thermal 903 | . 75 63 508 66 . 191 Explosive . | . . . . . . . Electromagnetic 1013 | . . . 825 102 . 86 Impact . | . . . . . . . Slashing . | . . . . . . . Piercing . | . . . . . . . Highest Corruption 2 | . . . 2 . . . Average Corruption 1 | . . . 1 . . . Corruption Purged . | . . . . . . . Corruption Blocked . | . . . . . . . Effects 6 | . . . 6 . . . Message Errors 4 | . . . 4 . . . Matter Fused 1 | . . . 1 . . . Data Loss (minor) 1 | . . . 1 . . . Overload Shots . | . . . . . . . Overflow Damage 12 | . . . 12 . . . Projectiles . | . . . . . . . Explosions 12 | . . . 12 . . . Melee . | . . . . . . . Knockbacks . | . . . . . . . Impact . | . . . . . . . Kinetic . | . . . . . . . Secondary . | . . . . . . . Self-Inflicted Damage 206 | . . . 126 49 . 31 Shots 12 | . . . 8 3 . 1 Rammed 6 | . . . 2 4 . . Targets Rammed 6 | . . . 2 4 . . Kicked . | . . . . . . . Crushed . | . . . . . . . Highest Temperature 222 | . 96 45 222 15 . 6 Average Temperature 40 | . 43 23 45 6 . 6 Received Heat Transfer 675 | . 24 . 129 522 . . Siege Activations . | . . . . . . . Robots Corrupted . | . . . . . . . Combat Hostiles . | . . . . . . . Parts Fried 4 | . . . 4 . . . Impact Corruptions . | . . . . . . . Robots Melted . | . . . . . . . Combat Hostiles . | . . . . . . . Parts Melted 6 | . . . 6 . . . Heat Transferred 2459 | . 370 185 1323 161 . 420 Parts Sabotaged . | . . . . . . . Parts Stolen . | . . . . . . . Parts Stripped . | . . . . . . . Power Chain Reactions 5 | . . . 3 1 . 1 Missiles Intercepted . | . . . . . . . Alert | -11 -10 -10 -9 -8 -8 -8 ------- Run | Jun Mat Min Mat Mat Sto Gar Peak Influence 616 | . 151 73 616 323 118 119 Initial 260 | . . 58 27 260 118 79 Average 247 | . 88 67 328 297 118 97 Maximum Alert Level 2 | . . . 2 1 . . Low Security (%) 45 | 100 100 100 27 . 100 100 Level 1 33 | . . . 31 100 . . Level 2 21 | . . . 40 . . . Level 3 . | . . . . . . . Level 4 . | . . . . . . . Level 5 . | . . . . . . . High Security . | . . . . . . . Max Security . | . . . . . . . Squads Dispatched 3 | . . . 3 . . . Investigation 2 | . . . 2 . . . Extermination . | . . . . . . . Reinforcement 1 | . . . 1 . . . Assault . | . . . . . . . Garrison . | . . . . . . . Intercept . | . . . . . . . Searches Triggered . | . . . . . . . Construction Impeded 1 | . . . 1 . . . Haulers Reinforced . | . . . . . . . Active Scanning Responses . | . . . . . . . Cargo Convoy Interrupts . | . . . . . . . Stealth | -11 -10 -10 -9 -8 -8 -8 --------- Run | Jun Mat Min Mat Mat Sto Gar Distress Signals 7 | . 2 . 3 2 . . Communications Jammed . | . . . . . . . Distress Signals . | . . . . . . . Times Spotted 45 | . 7 . 28 10 . . Peak Tracking Total 6 | . 6 . 4 6 . . Tactical Retreats 1 | . 1 . . . . . Traps | -11 -10 -10 -9 -8 -8 -8 ------- Run | Jun Mat Min Mat Mat Sto Gar Traps Triggered 3 | . . . 2 . . 1 Indirectly 2 | . . . 2 . . . Trap Hack Attempts . | . . . . . . . Triggered . | . . . . . . . Disarmed . | . . . . . . . Reprogrammed . | . . . . . . . Reused . | . . . . . . . Traps Extracted . | . . . . . . . Installed . | . . . . . . . Triggered . | . . . . . . . Machines | -11 -10 -10 -9 -8 -8 -8 ---------- Run | Jun Mat Min Mat Mat Sto Gar Machines Disabled 4 | . . . 1 1 . 2 Max in Single Turn 2 | . . . 1 1 . 2 Machines Repaired . | . . . . . . . Machines Sabotaged . | . . . . . . . Overloaded Fab Kills . | . . . . . . . Hacking | -11 -10 -10 -9 -8 -8 -8 --------- Run | Jun Mat Min Mat Mat Sto Gar Machines Accessed 3 | . . . 1 1 1 . Terminals . | . . . . . . . Fabricators . | . . . . . . . Repair Stations . | . . . . . . . Recycling Units . | . . . . . . . Scanalyzers 2 | . . . 1 1 . . Garrison Access 1 | . . . . . 1 . Total Hacks 6 | . . . 2 2 2 . Successful 5 | . . . 2 2 1 . Failed 1 | . . . . . 1 . Catastrophic . | . . . . . . . Database Lockouts . | . . . . . . . Manual . | . . . . . . . Terminals . | . . . . . . . Fabricators . | . . . . . . . Repair Stations . | . . . . . . . Recycling Units . | . . . . . . . Scanalyzers 4 | . . . 2 2 . . Garrison Access 2 | . . . . . 2 . Terminal Hacks . | . . . . . . . Fabricator Hacks . | . . . . . . . Repair Station Hacks . | . . . . . . . Recycling Unit Hacks . | . . . . . . . Scanalyzer 4 | . . . 2 2 . . Insert Component 2 | . . . 1 1 . . Analyze 2 | . . . 1 1 . . Garrison Access Hacks 1 | . . . . . 1 . Unlock Access 1 | . . . . . 1 . Unauthorized Hacks . | . . . . . . . Terminals . | . . . . . . . Fabricators . | . . . . . . . Repair Stations . | . . . . . . . Recycling Units . | . . . . . . . Scanalyzers . | . . . . . . . Garrison Access . | . . . . . . . Data Cores Recovered . | . . . . . . . Used . | . . . . . . . Hacking Detections 2 | . . . 1 1 . . Full Trace Events . | . . . . . . . Feedback Events . | . . . . . . . Feedback Blocked . | . . . . . . . Robot Schematics Acquired . | . . . . . . . Robots Built . | . . . . . . . Authchips . | . . . . . . . Time . | . . . . . . . Total Robot Build Rating . | . . . . . . . Part Schematics Acquired . | . . . . . . . Parts Built . | . . . . . . . Authchips . | . . . . . . . Time . | . . . . . . . Total Part Build Rating . | . . . . . . . Parts Repaired . | . . . . . . . Time . | . . . . . . . Parts Recycled . | . . . . . . . Recycled Matter . | . . . . . . . Retrieved Matter . | . . . . . . . Retrieved Components . | . . . . . . . Parts Scanalyzed 2 | . . . 1 1 . . Part Schematics Acquired . | . . . . . . . Parts Damaged . | . . . . . . . Bothacking | -11 -10 -10 -9 -8 -8 -8 ------------ Run | Jun Mat Min Mat Mat Sto Gar Used RIF Installer . | . . . . . . . Robots Hacked . | . . . . . . . Non-combat . | . . . . . . . Combat . | . . . . . . . Robot Hacks Applied . | . . . . . . . Relay Couplers Released . | . . . . . . . Fabnet Peak Effective % . | . . . . . . . Robots Rewired . | . . . . . . . Allies Hacked . | . . . . . . . Hacks Repelled . | . . . . . . . Allies | -11 -10 -10 -9 -8 -8 -8 -------- Run | Jun Mat Min Mat Mat Sto Gar Total Allies . | . . . . . . . Largest Group . | . . . . . . . Highest-Rated Group . | . . . . . . . Highest-Rated Ally . | . . . . . . . Total Orders . | . . . . . . . Ally Attacks . | . . . . . . . Total Damage . | . . . . . . . Kills . | . . . . . . . Allies Corrupted . | . . . . . . . Allies Melted . | . . . . . . . Intel | -11 -10 -10 -9 -8 -8 -8 ------- Run | Jun Mat Min Mat Mat Sto Gar Robot Analysis Total . | . . . . . . . Derelict Logs Recovered . | . . . . . . . Drone Launches . | . . . . . . . Drone Recoveries . | . . . . . . . Exploration | -11 -10 -10 -9 -8 -8 -8 ------------- Run | Jun Mat Min Mat Mat Sto Gar Turns Passed 1366 | 52 127 72 718 232 45 120 Spaces Moved 748 | 36 71 48 460 97 12 24 Core 61 | 5 . . . 20 12 24 Treads . | . . . . . . . Legs 165 | 31 71 48 15 . . . Wheels . | . . . . . . . Hover 522 | . . . 445 77 . . Flight . | . . . . . . . Fastest Speed 50 | 50 120 120 116 116 200 300 Average Speed 135 | 110 120 120 127 141 250 300 Slowest Speed 300 | 120 120 120 240 200 300 300 Overloaded Moves . | . . . . . . . Propulsion Burnouts . | . . . . . . . Robots Hopped . | . . . . . . . Cave-ins Triggered . | . . . . . . . Exploration Rate (%) 14 | 3 14 12 40 13 7 9 Regions Visited 6 Branch Regions 2 Pre-discovered Areas . | . . . . . . . Known Exits Taken 1 | . . . . . 1 . Unknown Exits Taken 5 | 1 1 1 1 1 . . Scrap Searched . | . . . . . . . Spaces Dug . | . . . . . . . Terrain Destroyed 19 | . . . 16 3 . . Melee . | . . . . . . . Projectile . | . . . . . . . AOE 19 | . . . 16 3 . . Terrain Rammed . | . . . . . . . Walls Destroyed . | . . . . . . . Machines Disabled . | . . . . . . . Actions | -11 -10 -10 -9 -8 -8 -8 --------- Run | Jun Mat Min Mat Mat Sto Gar Total 927 | 45 88 52 526 144 19 53 Wait 19 | . 2 . . . . 17 Move 743 | 35 70 47 459 96 12 24 Hop . | . . . . . . . Pick Up 22 | 4 3 . 12 2 . 1 Fast Attach 8 | 6 . . 2 . . . Attach 14 | . . . 6 5 3 . Detach 1 | . . . . 1 . . Swap 3 | . 1 . 2 . . . Drop 7 | . . . 7 . . . Fire 104 | . 12 5 36 36 4 11 Melee . | . . . . . . . Ram 6 | . . . 2 4 . . Kick . | . . . . . . . Crush . | . . . . . . . Escape Stasis . | . . . . . . . Rewire . | . . . . . . . Trap . | . . . . . . . Miscellaneous . | . . . . . . . Route ------- -11/Junkyard -10/Materials -10/Mines -9/Materials -8/Materials -8/Storage -8/Garrison History --------- Turn | Location | Event 5 | -11/Junkyard | Discovered new exit (range 15) 53 | -11/Junkyard | Entered Materials 168 | -10/Materials | Discovered new exit (range 5) 180 | -10/Materials | Entered Mines 186 | -10/Mines | Met a Derelict bent on vengeance 234 | -10/Mines | Discovered new exit (range 14) 252 | -10/Mines | Entered Materials 252 | -9/Materials | Evolved 2 slots: Utility x1, Weapon x1 569 | -9/Materials | Build established: Tank 745 | -9/Materials | Destroyed 7 combat bots 885 | -9/Materials | Discovered new exit (range 15) 970 | -9/Materials | Entered another Materials area 970 | -8/Materials | Evolved 2 slots: Utility x2 974 | -8/Materials | Discovered new exit (range 16) 1020 | -8/Materials | Lost 3 parts (1p1n1u) 1182 | -8/Materials | Core integrity fell below 50% 1196 | -8/Materials | Core integrity fell below 20% 1202 | -8/Materials | Entered Storage 1207 | -8/Storage | Lost 7 parts (2n2u3w) 1247 | -8/Storage | Identified exit to Garrison 1247 | -8/Storage | Entered Garrison 1367 | -8/Garrison | Destroyed by Gamma Bomb Trap Last Messages --------------- Connecting with Garrison Access... Current location identified: Storage >>Unlock Access door unlocked. EXIT=UNLOCKED: GARRISON Connecting with Garrison Access... LOCATION=GARRISON GOAL=ESCAPE Destroyed Wheel. M-14 Sweeper destroyed. Acquired 29 matter. Chain reaction triggered in Lgt. Ion Engine. Storage Shell breached. Destroyed Datajack. Destroyed Wheel. M-14 Sweeper destroyed. Acquired Trap Extractor. Acquired 1 matter. Triggered Gamma Bomb Trap. A bubble of electromagnetic force engulfs the area. Map ----- +----------------------------------------------------+ | | | | | | | | | | | | | | | | | | | | | | | | | | | | | | | | | | | ??????????????????????????????????????????????? | | ??????????????????????????????????????????????? | | ??????????????????????????????????????????????? | | ??????????????????????????????????????????????? | | ??????????????????????????????????????????????? | | ??????????????????????????????????????????????? | | ??????????????????????????????????????????????? | | ??????????????????#############???????????????? | | ??????????????????# @ #??????????????? | | ??????????????????# """" """" #??????????????? | | ??????????????????# "&&" "???????????????????? | | ??????????????????# "&&" "???????????????????? | | ??????????????????# " """" #??????????????? | | ??????????????????# % #??????????????? | | ??????????????????# #??????????????? | | ??????????????????# """" #??????????????? | | ??????????????????# "&&" "???????????????????? | | ??????????????????# "&&" "????#??????????????? | | ??????????????????# """" """" #??????????????? | | ??????????????????# #??????????????? | | ??????????????????#### ####??????????????? | | ?????????????????????##### #?????????????????? | | ??????????# ############# ########??????????? | | ??????????# #??????????? | | ???????? #??????????? | | ?????????????######## ######### #??????????? | | ????????????????????# #?????????????????????? | | ????????????????????#####?????????????????????? | | ??????????????????????????????????????????????? | | ??????????????????????????????????????????????? | | ??????????????????????????????????????????????? | | ??????????????????????????????????????????????? | | ??????????????????????????????????????????????? | +----------------------------------------------------+ Best States ------------- Heat Dissipation 42 Energy Generation 10 Energy Capacity 250 Matter Stores 300 Matter Capacity 300 Sight Range 16 Terrain Scan Density 110 Armor Coverage 225 Evasion (%) 55 Item Schematics ----------------- None Robot Schematics ------------------ None Fabricated ------------ Nothing Alien Tech Used ----------------- None Achievements -------------- None Challenges ------------ None Game ------ Seed DrainedSmartbombBooster Manual? 0 Play Time 00:15:44 Cumulative 5.7 hours Start 2023.12.20 @ 12:58:26 End 2023.12.20 @ 13:13:39 Sessions 1 Manual Loads 0 Difficulty Rogue Special Mode None Game No. 16 Rogue 16 Adventurer 0 Explorer 0 Win Type - Total 0 Types 0/0/0/0/0/0/0/0/0 Lore% 8 Gallery% 11 Achievement% 10 Wizard Run 0 Options --------- ASCII 0 Keyboard 0 Movement Mouse Keybinds 0 Fullscreen 1 Font 18/Smallcaps Map View 70x54 Tactical HUD 0 Map Filters NONE Filters NONE Steam 1 RUN: 05626161-1b8f-4e5d-9d3e-9340ebfcc2ce